Mecha, lawful male human Samurai ----- --...| ---- --....-----|..| |<....[....|..-- | |.|..|..--.--a(|.| |.|-.|---|..@..%.- |.|-.| ---.da| .... |.| .| |....| .....| |.| .| -...|.| -- ..| |. .| ----|.| | |. ..| |.| |. ..| |.| |.|..| |. |.|--- --- -.| .| .- . -.- --- Mecha the Ninja Experience level: 6 Strength: 17 Dexterity: 14 Constitution: 18 Intelligence: 12 Wisdom: 10 Charisma: 7 Health: 0(68) Energy: 26(26) Def: 6 Gold: 374 Moves: 2578 Dungeon seed: L7VsTsaagGDVOpcw Game ID: Mecha_1478276980 Your Inventory: Coins $ - 374 gold pieces Weapons a - a +0 katana (weapon in hand) b - a +0 wakizashi (alternate weapon; not wielded) c - a +0 yumi d - 42 +0 ya (in quiver) x - 18 +0 arrows Armor e - an uncursed rustproof +0 splint mail (being worn) q - an uncursed +0 Hawaiian shirt (being worn) r - a cursed -2 helm of telepathy (being worn) y - a cursed -1 dwarvish cloak (being worn) z - an uncursed +0 pair of iron shoes (being worn) Comestibles G - an uncursed tin of newt meat M - an uncursed gunyoki Spellbooks m - an uncursed spellbook of confuse monster Potions o - an uncursed potion of acid u - a blessed potion of blindness A - an uncursed potion of levitation C - an uncursed potion of healing Rings l - an uncursed ring of shock resistance (on left hand) K - an uncursed ring of stealth Wands v - a wand of digging (0:5) Tools f - an uncursed tin opener s - 6 uncursed partly used wax candles (0:350) t - an uncursed pair of lenses B - an uncursed skeleton key H - 2 uncursed tallow candles (0:200) J - 4 uncursed wax candles (0:400) L - an uncursed tin whistle P - a +0 pick-axe Gems n - 2 uncursed worthless pieces of violet glass D - 2 uncursed worthless pieces of yellow glass E - 3 uncursed worthless pieces of green glass F - 3 uncursed worthless pieces of yellowish brown glass I - 2 uncursed worthless pieces of black glass N - an uncursed jasper stone O - 2 uncursed amethyst stones Y - 2 uncursed worthless pieces of white glass Spells and supernatural/magical abilities: Name Level Category Fail Memory W - pray for help -- divine ? -- Your skills at the end: Fighting Skills martial arts [Basic] Weapon Skills short sword [Basic] long sword [Basic] bow [Basic] Spellcasting Skills Final Attributes: You were piously aligned. You were shock resistant. You were telepathic. You were fast. You are dead. Vanquished creatures: a ghost a large mimic a small mimic a wolf a dwarf lord a bugbear 7 gnome lords a gnomish wizard a floating eye 2 kittens 2 dwarves a homunculus a hill orc 3 giant bats 2 werejackals an iguana a hobbit 2 hobgoblins a brown mold a green mold a red mold 22 gnomes a gnome zombie 3 geckos a jackal a goblin 6 grid bugs 2 lichens a kobold zombie 3 newts 73 creatures vanquished. Voluntary challenges: You used a wielded weapon 89 times, starting on turn 101. You read items or engraved 1 time, starting on turn 1119. You never genocided any monsters. You never polymorphed an object. You never changed form. You used no wishes. You never split a pudding. You never wrote Elbereth's name. You never violated your personal moral code. Dungeon overview: The Dungeons of Doom: levels 1 to 3 Level 1 a fountain a long staircase Level 2 an armor shop Level 3 an altar to Amaterasu Omikami, some fountains stairs to The Gnomish Mines The Gnomish Mines: levels 4 to 7 Level 4 stairs to The Dungeons of Doom Level 5 Level 6 Level 7 <- You were here History has recorded: On T:1 you entered the Dungeons of Doom to retrieve the Amulet of Yendor! On T:473 you reached level 2 of The Dungeons of Doom. On T:579 you advanced to experience level 2. On T:597 you advanced to experience level 3. On T:632 you advanced to experience level 4. On T:768 you reached level 3 of The Dungeons of Doom. On T:1423 you reached level 1 of The Gnomish Mines. On T:1626 you advanced to experience level 5. On T:1867 you reached level 2 of The Gnomish Mines. On T:1944 you advanced to experience level 6. On T:2191 you reached level 3 of The Gnomish Mines. On T:2473 you reached level 4 of The Gnomish Mines. Score breakdown: Gold: 374 ( 8755 points) Experience: 6 levels (12456 points) Exploration: 7 levels ( 13.46%) (10289 points) Discoveries: 4 items ( 1.63%) ( 3825 points) Valuables value: (no points given unless you survive) Artifact value: 0 ( 0 points) Variety of kills: 30 monsters ( 7.87%) ( 8418 points) Turncount: 2578 turns ( -376 points) Survival: died (score multiplied by 80%) Total score: 34693 Latest messages: You hit the kitten! The kitten bites! You miss the kitten. You miss trackhack's ghost. (3x) Trackhack's ghost touches you! You miss trackhack's ghost. (2x) You destroy trackhack's ghost! ÓãA misses the kitten. The kitten bites! (2x) You miss the kitten. ÓãA misses the kitten. The kitten bites! You miss the kitten. ÓãA bites the kitten. The kitten misses. ÓãA bites the kitten. The kitten is killed! ÓãA eats a kitten corpse. The hill orc picks up a dwarvish cloak. The hill orc puts on a dwarvish cloak. You hit the hill orc! The hill orc just misses! You kill the hill orc! The soldier ant bites! The soldier ant stings! You die... Final status: Sayonara Mecha the Samurai, killed by a soldier ant... You died in The Gnomish Mines on dungeon level 7 with 34693 points, and 374 pieces of gold, after 2578 moves. You were level 6 with a maximum of 68 hit points when you died.